Get step-by-step instructions on how to execute this build order below. Start the game timer, and the build order will tick by so you can play in parallel with StarCraft on a second screen or mobile device.

Game Time

  0:00

Last Step

  N/A

Next Step

Upcoming Step



Don't want to look back and forth between 2 screens? Try out our Overwolf App, the Spawning Tool Build Advisor to get an in-game overlay with this build!

Complete Build Order

  12  0:02  Probe  
  13  0:15  Probe  
  14  0:26  Pylon  
  14  0:30  Probe  
  15  0:44  Probe  
  16  0:56  Probe  
  17  1:05  Gateway  
  17  1:08  Probe  
  18  1:12  Assimilator  
  18  1:21  Probe  
  19  1:31  Probe  
  19  1:35  Pylon  
  19  1:39  Probe  
  21  1:47  Probe  
  21  1:48  Assimilator  
  22  1:58  Cybernetics Core  
  22  2:00  Zealot  
  24  2:25  Nexus  
  24  2:28  Probe  
  25  2:38  Warp Gate  
  25  2:57  Zealot  
  27  3:18  Probe  
  27  3:26  Probe  
  28  3:30  Nexus  
  29  3:36  Probe  
  30  3:48  Probe  
  31  4:02  Gateway  
  31  4:04  Probe, Gateway  
  31  4:09  Pylon  
  32  4:12  Probe  
  33  4:17  Probe, Pylon  
  33  4:21  Probe  
  34  4:25  Probe  
  36  4:31  Assimilator  
  36  4:35  Probe, Assimilator  
  36  4:36  Stargate  
  36  4:37  Robotics Facility, Probe  
  38  4:42  Probe  
  39  4:49  Probe  
  40  4:53  Stalker x2  
  40  4:54  Probe  
  45  5:01  Probe  
  45  5:06  Probe  
  46  5:07  Stalker  
  46  5:14  Probe x2  
  50  5:20  Phoenix  
  53  5:24  Probe  
  53  5:25  Observer  
  53  5:28  Stalker  
  57  5:35  Twilight Council  
  57  5:37  Pylon  
  51  5:53  Phoenix  
  51  5:56  Stalker x2  
  57  5:59  Protoss Air Weapons Level 1  
  57  6:00  Probe  
  58  6:08  Probe  
  58  6:16  Probe  
  58  6:18  Probe  
  59  6:22  Pylon  
  59  6:24  Phoenix, Pylon, Probe  
  63  6:30  Probe  
  65  6:34  Probe  
  66  6:42  Assimilator  
  66  6:45  Assimilator  
  66  6:47  Immortal  
  66  6:50  Stalker x2  
  63  7:18  Phoenix  
  63  7:21  Stalker x2, Probe  
  69  7:28  Probe  
  69  7:29  Probe  
  71  7:36  Probe  
  72  7:39  Probe  
  72  7:40  Probe  
  75  7:44  Probe  
  75  7:46  Phoenix  
  78  7:52  Probe  
  78  7:54  Probe  
  78  8:00  Charge  
  78  8:04  Immortal  
  82  8:06  Probe  
  82  8:07  Stalker x2  
  82  8:08  Forge  
  87  8:15  Phoenix  
  87  8:16  Probe  
  89  8:24  Probe  
  91  8:42  Nexus